 Dungeon Crawl Stone Soup version 0.30-a0-311-gf115ab0292 (webtiles) character file.

Game seed: 7889148750286507112

968 koil the Covert (level 7, -2/37 HPs)
             Began as a Spriggan Brigand on Oct 25, 2022.
             Was an Initiate of Wu Jian.
             Killed from afar by Pikel (20 damage)
             ... with a bolt of acid
             ... on level 6 of the Dungeon.
             The game lasted 00:09:03 (4111 turns).

koil the Covert (Spriggan Brigand)                  Turns: 4111, Time: 00:09:03

Health: -2/37      AC:  3    Str: 13    XL:     7   Next: 93%
Magic:  14/14      EV: 19    Int: 19    God:    Wu Jian [......]
Gold:   352        SH:  0    Dex: 16    Spells: 15/15 levels left

rFire   . . .      SeeInvis +    b - +4 mace "Washircho" {flame, rPois rN+ Int+4}
rCold   . . .      Faith    .    (no shield)
rNeg    + . .      Spirit   .    n - +0 robe
rPois   +          Reflect  .    (helmet restricted)
rElec   .          Harm     .    c - +0 cloak
rCorr   .          Rampage  .    (gloves unavailable)
Will    +....                    (boots unavailable)
Stlth   ++++......               p - amulet of regeneration
HPRegen 1.06/turn                y - +6 ring of strength
MPRegen 0.14/turn                (no ring)

@: very quick
A: very small, no large weapons, unfitting armour, see invisible, speed 3
a: Renounce Religion


You were on level 6 of the Dungeon.
You worshipped Wu Jian.
Wu Jian was noncommittal.
You visited 1 branch of the dungeon, and saw 6 of its levels.
You also visited: Sewer.

You collected 352 gold pieces.

Inventory:

Hand Weapons
 a - a +2 dagger
 b - the +4 mace "Washircho" (weapon) {flame, rPois rN+ Int+4}
   (You found it on level 2 of the Dungeon)

   It burns those it strikes, dealing additional fire damage.
   Int:       It affects your intelligence (+4).
   rPois:     It protects you from poison.
   rN:        It protects you from negative energy.
 J - a +0 antimagic hand axe
Missiles
 d - 8 poisoned darts (quivered)
 e - 3 curare-tipped darts
Armour
 c - a +0 cloak (worn)
 n - a +0 robe (worn)
 s - a +0 cloak
 t - a +0 robe
 x - a +0 cloak
 F - a +0 robe
Magical Staves
 D - a staff of death
Jewellery
 p - an amulet of regeneration (around neck)
 y - a +6 ring of strength (left hand)
 A - a +6 ring of strength
Wands
 u - a wand of mindburst (29)
 v - a wand of acid (10)
Scrolls
 g - 13 scrolls of identify {unknown}
 h - 2 scrolls of blinking {unknown}
 j - 4 scrolls of fear {unknown}
 k - a scroll of amnesia {unknown}
 l - 2 scrolls of magic mapping {unknown}
 m - a scroll of brand weapon {unknown}
 q - 7 scrolls of teleportation {unknown}
 r - 4 scrolls of enchant weapon {unknown}
 C - a scroll of immolation {unknown}
 E - 2 scrolls of enchant armour {unknown}
 H - 2 scrolls of poison {unknown}
 I - a scroll of noise {unknown}
Potions
 f - a potion of magic {unknown}
 i - a potion of curing {unknown}
 o - a potion of attraction {unknown}
 w - a potion of haste
 z - 2 potions of flight {unknown}
 B - 2 potions of mutation {unknown}
 G - 3 potions of degeneration {unknown}
 K - 2 potions of cancellation {unknown}


   Skills:
 + Level 3.6 Fighting
 + Level 4.9 Short Blades
 - Level 2.0 Throwing
 + Level 5.3 Dodging
 + Level 8.6 Stealth
 + Level 4.6 Spellcasting


You had 15 spell levels left.
You didn't know any spells.
Your spell library contained the following spells:

 Spells                   Type           Power      Damage    Failure   Level
 Freeze                   Ice            16%        1d4       13%         1
 Frozen Ramparts          Ice            8%         1d2       36%         3
 Hailstorm                Conj/Ice       4%         3d4       36%         3
 Summon Lightning Spire   Summ/Air       4%         N/A       78%         4
 Haunt                    Necr/Summ      2%         N/A       100%        7
 Summon Hydra             Summ           2%         N/A       100%        7


Dungeon Overview and Level Annotations

Branches:
Dungeon (6/15)             Temple (0/1) D:6           Sewer (visited)

Altars:
Elyvilon
Fedhas
Wu Jian
Yredelemnul

Shops:
D:5 (::*=

Annotations:
D:6 Pikel


Innate Abilities, Weirdness & Mutations

You are very small and have problems with some larger weapons.
You are too small for most types of armour.
You have supernaturally acute eyesight. (SInv)
You cover ground extremely quickly. (Speed+++)


Message History

Throw: 12 darts (poison)
Press: ? - help, Q - select action, (/) - cycle Shift-Dir - straight line, f - Pikel
Aim: Pikel, wielding a +2 whip of electrocution, wearing a +0 robe and carrying a wand of acid (5) (55% to hit)
You throw a poisoned dart. The poisoned dart hits Pikel.
Pikel is poisoned.
Throw: 11 darts (poison)
Press: ? - help, Q - select action, (/) - cycle Shift-Dir - straight line, f/p - Pikel
Aim: Pikel, wielding a +2 whip of electrocution, wearing a +0 robe and carrying a wand of acid (5) (lightly wounded, poisoned, 55% to hit)
You throw a poisoned dart. The poisoned dart closely misses Pikel.
Pikel drinks a potion.
Pikel seems to speed up.
Throw: 10 darts (poison)
Press: ? - help, Q - select action, (/) - cycle Shift-Dir - straight line, f/p - Pikel
Aim: Pikel, wielding a +2 whip of electrocution, wearing a +0 robe and carrying a wand of acid (5) (lightly wounded, fast, poisoned, 55% to hit)
You throw a poisoned dart. The poisoned dart barely misses Pikel.
Throw: 9 darts (poison)
Press: ? - help, Q - select action, (/) - cycle Shift-Dir - straight line, f/p - Pikel
Aim: Pikel, wielding a +2 whip of electrocution, wearing a +0 robe and carrying a wand of acid (5) (lightly wounded, fast, poisoned, 55% to hit)
You throw a poisoned dart. The poisoned dart hits Pikel.
Pikel looks even sicker.
Pikel is lightly wounded.
Pikel hits you with a +2 whip of electrocution!
Pikel misses you.
You closely miss Pikel.
Pikel is lightly wounded.
Pikel hits you with a +2 whip of electrocution!
The lemure completely misses you.
Pikel zaps a wand.
The bolt of acid hits you.
You hit Pikel. You burn Pikel.
Pikel is moderately wounded.
Pikel completely misses you. The lemure closely misses you. Pikel misses you.
You closely miss Pikel.
Pikel is moderately wounded.
Pikel hits you with a +2 whip of electrocution.
The lemure barely misses you.
Pikel says, "Hell isn't that bad."
Pikel closely misses you. The lemure completely misses you.
You sock Pikel! You burn Pikel.
Pikel is severely wounded.
Pikel closely misses you. The lemure misses you.
Pikel zaps a wand.
The bolt of acid hits you!!
Ouch! That really hurt!
You die...

........# #+ #.#
##......# #.#.#
##......# ####.####
##......# #.......#
##.###### #.##.##5#
...# #5##.# 5#
######### #.##.# 5#
........# #.##[##K#
........# #....5@.#
........######.####
...............#
........########
#.#####.# #.......#
#########


You could see Pikel (fast, poisoned) and 4 lemures.

Vanquished Creatures
  An ice beast (D:6)
  Pargi (Sewer)
  A black bear (D:4)
  A sky beast (D:6)
  2 scorpions
  A howler monkey (D:6)
  An orc priest (D:4)
  2 hounds
  2 jellies
  An orc wizard (D:4)
  A hound zombie (D:3)
  4 gnolls (D:5)
  9 adders
  2 shadow imps
  A white imp (D:6)
  2 worms
  3 dart slugs
  13 orcs
  11 ball pythons
  6 bats
  7 endoplasms
  5 giant cockroaches
  8 hobgoblins
  3 jackals
  2 quokkas
  7 frilled lizards
  A giant cockroach zombie (D:3)
  6 goblins
  11 kobolds
  3 rats
118 creatures vanquished.

Notes
Turn   | Place    | Note
-------+----------+-------------------------------------------
     0 | D:1      | koil the Spriggan Brigand began the quest for the Orb.
     0 | D:1      | Reached XP level 1. HP: 10/10 MP: 2/2
   107 | D:1      | Reached skill level 6 in Stealth
   107 | D:1      | Reached XP level 2. HP: 15/15 MP: 3/3
   252 | D:1      | Reached skill level 1 in Spellcasting
   676 | D:2      | Identified the +4 mace "Washircho" {flame, rPois rN+ Int+4}
   707 | D:2      | Reached XP level 3. HP: 18/18 MP: 5/5
  1538 | D:3      | Reached XP level 4. HP: 23/23 MP: 7/7
  1572 | D:3      | Noticed a scorpion
  1581 | D:3      | Killed a scorpion
  1605 | D:3      | Found a glowing drain.
  1623 | Sewer    | Entered a sewer
  1712 | Sewer    | Noticed Pargi
  1753 | Sewer    | Killed Pargi
  1754 | Sewer    | Reached skill level 7 in Stealth
  1754 | Sewer    | Reached XP level 5. HP: 18/27 MP: 8/10
  2014 | D:3      | Reached XP level 6. HP: 29/32 MP: 11/11
  2095 | D:3      | Got the Codex of the Comitatus
  2132 | D:3      | Found a blossoming altar of Fedhas.
  2306 | D:3      | Found a basalt altar of Yredelemnul.
  2637 | D:4      | Found a white marble altar of Elyvilon.
  2741 | D:4      | Reached XP level 7. HP: 36/36 MP: 13/13
  3097 | D:5      | Entered Level 5 of the Dungeon
  3097 | D:5      | Found Hedalukh's Book Boutique.
  3155 | D:5      | Reached skill level 8 in Stealth
  3242 | D:5      | Found Xaorgh's Weapon Emporium.
  3310 | D:5      | Found Wubausag's General Store.
  3469 | D:5      | Found Weufaeryi's Book Shop.
  3481 | D:5      | Found Adadghor's Jewellery Shoppe.
  3707 | D:6      | Found a staircase to the Ecumenical Temple.
  3820 | D:6      | Reached skill level 5 in Dodging
  3861 | D:6      | Found an ornate altar of the Wu Jian Council.
  3867 | D:6      | Became a worshipper of the Wu Jian Council
  4103 | D:6      | Noticed Pikel
  4111 | D:6      | Killed from afar by Pikel

Illustrated notes

Levels and vault maps discovered:
D:1:      wander_arrival_peaceful_grave, layout_basic,
          hangedman_decor_clover_reticule
D:2:      layout_loops_ring
D:3:      layout_basic, fedhas_altar_fruit_tree,
          lemuel_zombie_altar_yredelemnul, cheibrodos_sewer_entry_drain,
          chequers_serial_rivers_micro_e, st_stairs_9, minmay_misc_feat_cross,
          minmay_increasing_density
D:4:      layout_loops_ring, mainiacjoe_overflow_six_doors_small,
          minmay_quantized
D:5:      layout_rooms, serial_shops, nicolae_take_the_stairs, kennysheep_mini,
          nicolae_shop_waterfront, nicolae_shop_window_shopping,
          nicolae_diamond_shop
D:6:      layout_loops_cross, grunt_temple_overflow_champion_of_chaos,
          nicolae_wu_jian_glorious_leap, minmay_temple_entry_offerings,
          uniq_pikel

Skill      XL: |  1  2  3  4  5  6  7 |
---------------+----------------------+-----
Stealth        | 6 7 8 |  8.6
Spellcasting   | 1 2 3 4 |  4.6
Dodging        | 2 3 4 5 |  5.3
Fighting       | 2 3 |  3.6
Short Blades   | 3 4 |  4.9
Throwing       | |  2.0

Action                   |  1- 3 |  4- 6 |  7- 9 || total
-------------------------+-------+-------+-------++-------
Melee: Dagger            |    56 |     7 |    31 ||    94
       Mace              |    51 |   100 |    61 ||   212
       Punch             |       |       |     3 ||     3
Throw: Dart              |     3 |    11 |     5 ||    19
 Stab: Sleeping          |    15 |    23 |     6 ||    44
       Distracted        |       |     1 |       ||     1
Armor: Robe              |    17 |    19 |    10 ||    46
Dodge: Dodged            |    74 |   119 |    99 ||   292

Table legend: (Time is in decaauts)
 A = Elapsed time spent in this place.
 B = Non-inter-level travel time spent in this place.
 C = Inter-level travel time spent in this place.
 D = Time resting spent in this place.
 E = Time spent auto-exploring this place.
 F = Levels seen in this place.
 G = Mean time per level.
                   A        B        C        D        E       F      G
               +--------+--------+--------+--------+--------+-----+--------+
         Total |   2765 |   2621 |    144 |      0 |   1810 |   7 |  395.0 |
       Dungeon |   2599 |   2455 |    144 |      0 |   1718 |   6 |  433.2 |
         Sewer |    166 |    166 |      0 |      0 |     91 |   1 |  166.0 |
               +--------+--------+--------+--------+--------+-----+--------+

Top non-repeatable levels by time:
     D:2: 541 daAuts
     D:4: 482 daAuts
     D:3: 466 daAuts
     D:1: 424 daAuts
     D:5: 394 daAuts
     D:6: 290 daAuts
   Sewer: 166 daAuts
